 Dungeon Crawl Stone Soup version 0.31.0-12-g77e489cdc1 (webtiles) character file.

Game seed: 15292442542187647316

657 Killerpretzel the Changeling (level 7, -1/46 HPs)
             Began as an Octopode Shapeshifter on Mar 6, 2024.
             Killed from afar by a steam dragon (4 damage)
             ... with a ball of steam
             ... on level 4 of the Dungeon.
             The game lasted 00:03:27 (3004 turns).

Killerpretzel the Changeling (OpSh)                 Turns: 3004, Time: 00:03:27

Health: -1/46      AC:  5    Str: 14    XL:     7   Next: 55%
Magic:  7/7        EV: 15    Int: 12    God:
Gold:   188        SH:  0    Dex: 19    Spells: 6/6 levels left

rFire   + .          .
                       - Unarmed
rCold   + . .        (no shield)
rNeg    . . .        (helmet currently unavailable)
rPois   +            (no amulet)
rElec   +            d - +6 ring of dexterity
rCorr   +            i - +4 ring of protection
SInv    .            (no ring)
Will    .....        (no ring)
Stlth   +++          (no ring)
HPRegen 0.27/turn    (no ring)
MPRegen 0.10/turn    (no ring)
                     (no ring)

%: no passive effects
@: beast-form, resistant
A: beast (slay +3), almost no armour, amphibious, 8 rings, camouflage 1,
gelatinous body 1, (nimble swimmer 1), tentacles
a: Begin Untransformation


You were on level 4 of the Dungeon.
You were a hulking beast.
You visited 1 branch of the dungeon, and saw 4 of its levels.

You collected 188 gold pieces.

Inventory:

Jewellery
 d - a +6 ring of dexterity (left tentacle)
 i - a +4 ring of protection (right tentacle)
Talismans
 b - a beast talisman
 c - a flux talisman
Wands
 m - a wand of polymorph (3)
 n - a wand of flame (17)
Scrolls
 a - 3 scrolls of noise
 e - a scroll of enchant armour
 o - 2 scrolls of poison
 p - a scroll of immolation {unknown}
 q - a scroll of identify
 r - a scroll of amnesia {unknown}
Potions
 g - a potion of heal wounds {unknown}
 h - a potion of curing {unknown}
 j - a potion of brilliance {unknown}
 k - a potion of attraction {unknown}
 l - 3 potions of mutation {unknown}


   Skills:
 + Level 3.5 Fighting
 + Level 3.9 Dodging
 + Level 4.6 Unarmed Combat
 * Level 5.5 Shapeshifting


You had 6 spell levels left.
You didn't know any spells.
Your spell library contained the following spells:

 Spells                   Type           Power      Damage    Failure   Level
 Ensorcelled Hibernation  Hex/Ice        0%         N/A       45%         2
 Lesser Beckoning         Tloc           0%         N/A       45%         2
 Fugue of the Fallen      Necr           0%         N/A       69%         3
 Gell's Gravitas          Tloc           0%         N/A       69%         3
 Teleport Other           Tloc           0%         N/A       69%         3
 Anguish                  Hex/Necr       0%         N/A       97%         4


Dungeon Overview and Level Annotations

Branches:
Dungeon (4/15)
 Temple: D:4-7

Altars:
Dithmenos

Shops:
D:4 **

Annotations:
D:4 4 runed translucent doors


Innate Abilities, Weirdness & Mutations

You are a hulking beast.
Your limbs bulge with bestial killing power. (Slay +3)
You cannot wear most types of armour.
You are amphibious.
You can wear up to eight rings at the same time.
Your skin changes colour to match your surroundings (Stealth+).
Your rubbery body absorbs attacks. (AC +1, EV +1)
((You are camouflaged when in or above water. (Stealth+)))
You have tentacles for arms and can constrict up to eight enemies at once.


Message History

You tentacle-slap the orc wizard but do no damage.
Your grab misses the orc wizard.
You squeeze the orc wizard, but do no damage.
The orc wizard casts a spell at you. The magic dart hits you.
You tentacle-slap the orc wizard. You grab the orc wizard.
You squeeze the orc wizard!
The orc wizard is severely wounded.
You constrict the orc wizard. The orc wizard casts a spell at you.
The magic dart hits you!
You tentacle-slap the orc wizard.
You kill the orc wizard!
You completely miss the steam dragon. Your squeeze misses the steam dragon.
The steam dragon bites you! The steam dragon claws you.
You completely miss the steam dragon. You tentacle-slap the steam dragon.
The steam dragon is lightly wounded.
The steam dragon bites you. The steam dragon barely misses you.
You tentacle-slap the steam dragon.
The steam dragon is lightly wounded.
The giant cockroach waves its antennae.
The steam dragon bites you. The steam dragon claws you.
You feel protected. The steam dragon closely misses you.
The steam dragon claws you but does no damage.
You tentacle-slap the steam dragon.
The steam dragon is moderately wounded.
You bludgeon the steam dragon! You squeeze the steam dragon.
The steam dragon is heavily wounded.
The steam dragon closely misses you. The steam dragon claws you.
You tentacle-slap the steam dragon.
The steam dragon is severely wounded.
The steam dragon bites you!
* * * LOW HITPOINT WARNING * * *
The steam dragon barely misses you.
You bludgeon the steam dragon!
The steam dragon is almost dead.
The steam dragon breathes steam at you. The ball of steam hits you. You resist.
You die...

#....†....#
#...##....#
#....#...##
...........## #
##..######... #.##. #
##.. #.#B# #.. #.#D#
#.. #.#h### #..
##.#.#.## #..
#..##.#.# ##..
#...###'# #+###...
#.......######.......
#...#..##8$[8##...###
#...#..#8....8#...###
#..##..+k.....+..>...
#..##.)+......+......


You could see a steam dragon (catching breath) and a giant cockroach.

Vanquished Creatures
  Sigmund (D:2)
  Menkaure (D:4)
  A howler monkey (D:4)
  A hound (D:4)
  A sleepcap (D:3)
  An iguana (D:4)
  An orc wizard (D:4)
  Natasha (thrice) (D:2)
  6 adders
  A shadow imp (D:4)
  3 ribbon worms
  3 dart slugs
  4 orcs (D:4)
  4 ball pythons
  8 endoplasms
  5 giant cockroaches
  9 hobgoblins
  A jackal (D:4)
  3 quokkas
  2 bats
  6 frilled lizards
  9 goblins
  6 kobolds
  5 rats
85 creatures vanquished.

Notes
Turn   | Place    | Note
-------+----------+-------------------------------------------
     0 | D:1      | Killerpretzel the Octopode Shapeshifter began the quest for
                  | the Orb.
     0 | D:1      | Reached XP level 1. HP: 13/13 MP: 1/1
    46 | D:1      | Reached XP level 2. HP: 17/18 MP: 2/2
   397 | D:1      | Reached XP level 3. HP: 13/23 MP: 3/3
  1040 | D:2      | Reached XP level 4. HP: 29/29 MP: 4/4
  1071 | D:2      | Noticed Natasha
  1076 | D:2      | Killed Natasha
  1189 | D:2      | Noticed Natasha
  1194 | D:2      | Killed Natasha
  1195 | D:2      | Reached skill level 4 in Shapeshifting
  1195 | D:2      | Reached XP level 5. HP: 22/34 MP: 5/5
  1314 | D:2      | Found a shadowy altar of Dithmenos.
  1318 | D:2      | Noticed Sigmund
  1326 | D:2      | Killed Sigmund
  1327 | D:2      | Reached XP level 6. HP: 41/41 MP: 6/6
  1391 | D:2      | Noticed Natasha
  1401 | D:2      | Killed Natasha
  2225 | D:3      | Found a faded altar of an unknown god.
  2482 | D:4      | Found Ea-nāṣir's Fine Metal Goods.
  2687 | D:4      | Noticed Menkaure
  2696 | D:4      | Killed Menkaure
  2697 | D:4      | Reached skill level 5 in Shapeshifting
  2697 | D:4      | Reached XP level 7. HP: 15/46 MP: 7/7
  2922 | D:4      | Found Biegoj's Assorted Antiques.
  2933 | D:4      | Found a large runed translucent door.
  2934 | D:4      | Found a large runed translucent door.
  2941 | D:4      | Noticed a wyvern
  2953 | D:4      | Found a large runed translucent door.
  2953 | D:4      | Found a large runed translucent door.
  2993 | D:4      | Noticed a steam dragon
  3003 | D:4      | HP: 2/46 [steam dragon (10)]
  3004 | D:4      | Killed from afar by a steam dragon

Illustrated notes

Levels and vault maps discovered:
D:1:      heliophobic_arrival_battle_scene, layout_loops_cross,
          minmay_pentomino_z4
D:2:      layout_basic, basic_altar, uniq_sigmund, uniq_natasha
D:3:      layout_rooms, hellmonk_ecumenical_altar_crossroads,
          grunt_ministairs_10
D:4:      old_forge, layout_gridville, serial_shops, shop,
          nicolae_ea-nasir_strikes_again, minivault_24,
          minmay_hollow_rounded_squares, uniq_menkaure

Skill      XL: |  1  2  3  4  5  6 |
---------------+-------------------+-----
Fighting       | 2 3 |  3.5
Shapeshifting  | 4 5 |  5.5
Dodging        | 3 |  3.9
Unarmed Combat | 4 |  4.6

Action                     |  1- 3 |  4- 6 |  7- 9 || total
---------------------------+-------+-------+-------++-------
  Melee: Unarmed           |    56 |    64 |    32 ||   152
         Tentacles         |    15 |    11 |     9 ||    35
         Constrict         |    15 |    17 |    10 ||    42
         Punch             |     3 |     1 |     2 ||     6
    Use: Scroll            |     3 |     4 |       ||     7
         Potion            |       |     2 |     1 ||     3
   Stab: Sleeping          |     7 |     8 |     1 ||    16
 Armour: Skin              |    19 |    29 |    17 ||    65
  Dodge: Dodged            |    28 |    22 |    19 ||    69
